 Dungeon Crawl Stone Soup version 0.29.1-2-gbd0b4ee654 (webtiles) character file.

Game seed: 11004520235733276759

1451 cdecastro the Destroyer (level 8, -2/41 HPs)
             Began as a Deep Elf Conjurer on Nov 17, 2022.
             Was a Believer of Sif Muna.
             Slain by a hornet (13 damage)
             ... on level 7 of the Dungeon.
             The game lasted 00:17:54 (7419 turns).

cdecastro the Destroyer (Deep Elf Conjurer)         Turns: 7419, Time: 00:17:56

Health: -2/41      AC:  4    Str:  4    XL:     8   Next: 47%
Magic:  8/16       EV: 12    Int: 26    God:    Sif Muna [**....]
Gold:   439        SH:  0    Dex: 13    Spells: 1/15 levels left

rFire   . . .      SeeInvis .   i - staff of conjuration
rCold   . . .      Faith    .   (no shield)
rNeg    . . .      Spirit   .   a - +0 robe
rPois   .          Reflect  .   l - +1 helmet
rElec   .          Harm     .   (no cloak)
rCorr   .          Rampage  .   (no gloves)
Will    .....                   (no boots)
Stlth   ++........              n - amulet of regeneration
HPRegen 0.93/turn               (no ring)
MPRegen 0.15/turn               (no ring)

@: lethally poisoned (-2 -> -15), slowed, very slow
A: no striking features
a: Renounce Religion, Channel Magic


You were on level 7 of the Dungeon.
You worshipped Sif Muna.
Sif Muna was pleased with you.
You visited 2 branches of the dungeon, and saw 8 of its levels.
You also visited: Sewer.

You collected 439 gold pieces.

Inventory:

Hand Weapons
 r - a +1 spear of venom
Missiles
 h - 3 javelins
 m - 3 boomerangs
 w - 3 throwing nets
Armour
 a - a +0 robe (worn)
 f - a +3 ring mail
 l - a +1 helmet (worn)
Magical Staves
 i - a staff of conjuration (weapon)
Jewellery
 n - an amulet of regeneration (around neck)
 v - an amulet of the acrobat
 x - a ring of ice
Wands
 g - a wand of polymorph (4)
 s - a wand of mindburst (14)
Scrolls
 d - a scroll of fear
 j - 7 scrolls of teleportation
 k - 2 scrolls of enchant armour
 p - a scroll of magic mapping
Potions
 b - a potion of magic
 c - 2 potions of lignification
 e - 5 potions of heal wounds
 o - 5 potions of flight
 q - 5 potions of curing
 u - a potion of cancellation {unknown}
 z - 2 potions of brilliance {unknown}
 A - 3 potions of haste {unknown}
 B - a potion of resistance
 C - 2 potions of invisibility
 D - 3 potions of mutation


   Skills:
 - Level 2.4 Dodging
 - Level 2.4 Stealth
 - Level 4.0 Spellcasting
 - Level 10.0 Conjurations
 + Level 6.8 Invocations


You had one spell level left.
You knew the following spells:

 Your Spells              Type           Power      Damage    Failure   Level
a - Magic Dart            Conj           100%       1d8       1%          1
b - Searing Ray           Conj           100%       2d8       1%          2
c - Dazzling Flash        Conj/Hex       92%        N/A       3%          3
d - Fulminant Prism       Conj/Hex       23%        3d13      11%         4
e - Iskenderun's Mystic   Conj/Tloc      46%        2d10      11%         4

Your spell library contained the following spells:

 Spells                   Type           Power      Damage    Failure   Level
 Shock                    Conj/Air       100%       1d9       1%          1
 Necrotise                Necr           20%        1d5       9%          1
 Sandblast                Erth           10%        2d5       9%          1
 Stone Arrow              Conj/Erth      92%        3d12      3%          3
 Ensorcelled Hibernation  Hex/Ice        10%        N/A       13%         2
 Passwall                 Tmut/Erth      4%         N/A       13%         2
 Gell's Gravitas          Tloc           5%         N/A       26%         3
 Swiftness                Air            5%         N/A       26%         3
 Teleport Other           Tloc           5%         N/A       26%         3
 Vampiric Draining        Necr           5%         2d6       26%         3
 Airstrike                Air            2%         2d(1-17)  63%         4
 Starburst                Conj/Fire      23%        6d8       86%         6
 Agony                    Necr           5%         N/A       93%         5
 Dispersal                Tloc           2%         N/A       100%        6


Dungeon Overview and Level Annotations

Branches:
Dungeon (7/15)             Temple (1/1) D:4           Sewer (visited)

Altars:
Ashenzari
Cheibriados
Elyvilon
Fedhas
Gozag
Hepliaklqana
Kikubaaqudgha
Makhleb
Nemelex Xobeh
Okawaru
Qazlal
Ru
Sif Muna
Trog
Uskayaw
Vehumet
Wu Jian
Yredelemnul
Zin

Shops:
D:4 [

Annotations:
D:4 !black bear
D:5 3 runed translucent doors, xian's ghost, amateur DsMo
D:6 Eustachio


Message History

The kobold brigand throws a poisoned dart.
The poisoned dart hits you!
You are more poisoned.
Unknown command.
The searing ray hits the hornet.
The hornet is lightly wounded.
You feel very sick.
Unknown command.
Unknown command.
The searing ray hits the hornet but does no damage.
The hornet is lightly wounded.
You feel very sick.
Unknown command.
The searing ray hits the hornet.
The hornet is moderately wounded.
The searing ray hits the kobold brigand.
The kobold brigand is lightly wounded.
You finish channelling your searing ray.
You feel very sick. The hornet stings you!
* * * LOW HITPOINT WARNING * * *
You are more poisoned.
You feel yourself slow down. The hornet misses you.
Unknown command.
Unknown command.
Casting: Searing Ray (safe; 1% risk of failure)
Confirm with . or Enter, or press ? or * to list all spells.
Aiming: Searing Ray (safe; 1% risk of failure)
Press: ? - help, Shift-Dir - straight line, f - hornet
Aim: a hornet (moderately wounded, 74% to hit)
You feel a surge of power!
The searing ray hits the hornet!
The hornet is heavily wounded. (Press . to maintain the ray.)
You feel yourself speed up.
You feel very sick. The hornet stings you.
* * * LOW HITPOINT WARNING * * *
You are lethally poisoned!
You feel yourself slow down. The hornet stings you!
You die...

#.#
#.#######..
#.# #.# ..
#.# ### #.#
#.# #.# #.#
###
##.####)....
#...@yK)....
#.#######...
#. #. #. #.
#. #.


You could see a hornet and a kobold brigand.

Vanquished Creatures
  A steam dragon (D:7)
  An orc warrior (D:7)
  An ice beast (D:7)
  A sky beast (D:7)
  A black bear (D:6)
  A centaur (D:6)
  A phantom (D:5)
  2 bullfrogs (D:6)
  A scorpion (D:5)
  4 jellies
  A howler monkey (D:4)
  An orc priest (D:7)
  An orc wizard (D:7)
  3 iguanas
  A gnoll (D:7)
  13 adders
  5 river rats (Sewer)
  A white imp (D:7)
  An ufetubus (D:5)
  A worm (Sewer)
  2 dart slugs
  8 orcs
  13 ball pythons
  13 bats
  7 endoplasms
  7 giant cockroaches
  8 goblins
  11 hobgoblins
  7 jackals
  6 kobolds
  8 quokkas
  5 frilled lizards
  8 rats
145 creatures vanquished.

Notes
Turn   | Place    | Note
-------+----------+-------------------------------------------
     0 | D:1      | cdecastro the Deep Elf Conjurer began the quest for the
                  | Orb.
     0 | D:1      | Reached XP level 1. HP: 10/10 MP: 6/6
   214 | D:1      | Found a faded altar of an unknown god.
   485 | D:1      | Reached skill level 5 in Conjurations
   485 | D:1      | Reached XP level 2. HP: 9/15 MP: 2/8
   848 | D:1      | Learned a level 2 spell: Searing Ray
  1343 | D:2      | Reached XP level 3. HP: 19/19 MP: 7/9
  1663 | D:2      | Reached skill level 6 in Conjurations
  1992 | D:3      | Reached XP level 4. HP: 24/24 MP: 6/10
  2848 | D:4      | Found a glowing silver altar of Zin.
  2848 | D:4      | Noticed an angel
  2947 | D:4      | Found an iron altar of Okawaru.
  2948 | D:4      | Found a broken altar of Ashenzari.
  3225 | D:4      | Found Unanur's Armour Shop.
  3251 | D:4      | Reached skill level 7 in Conjurations
  3251 | D:4      | Reached XP level 5. HP: 28/28 MP: 4/11
  3378 | D:4      | Found a staircase to the Ecumenical Temple.
  3545 | D:4      | Noticed a black bear
  3571 | Temple   | Entered the Ecumenical Temple
  3571 | Temple   | Found a transporter.
  3571 | Temple   | Found a transporter.
  3573 | Temple   | Found a transporter.
  3573 | Temple   | Found a transporter.
  3598 | Temple   | Became a worshipper of Sif Muna the Loreminder
  3634 | D:5      | Entered Level 5 of the Dungeon
  3635 | D:5      | Found a runed translucent gate.
  3638 | D:5      | Found a runed translucent gate.
  3638 | D:5      | Noticed xian's ghost (amateur DsMo)
  3639 | D:5      | Found a runed translucent gate.
  3928 | D:5      | Noticed a phantom
  3982 | D:5      | Found a snail-covered altar of Cheibriados.
  4043 | D:5      | Reached skill level 8 in Conjurations
  4100 | D:5      | Reached XP level 6. HP: 32/32 MP: 8/12
  4164 | D:5      | Found a sacrificial altar of Ru.
  4562 | D:5      | Found a bloodstained altar of Trog.
  4805 | D:5      | Reached skill level 9 in Conjurations
  4987 | D:6      | Found a glowing drain.
  5030 | Sewer    | Entered a sewer
  5109 | Sewer    | Reached * piety under Sif Muna
  5380 | Sewer    | Reached XP level 7. HP: 30/36 MP: 7/13
  5862 | Sewer    | Learned a level 3 spell: Dazzling Flash
  6183 | D:6      | Reached skill level 10 in Conjurations
  6280 | D:6      | Reached skill level 1 in Invocations
  6602 | D:6      | Reached ** piety under Sif Muna
  6720 | D:6      | Noticed Eustachio
  6807 | D:7      | Noticed a steam dragon
  6813 | D:7      | Killed a steam dragon
  6814 | D:7      | Reached skill level 5 in Invocations
  6814 | D:7      | Reached XP level 8. HP: 7/41 MP: 3/15
  7367 | D:6      | Learned a level 4 spell: Fulminant Prism
  7372 | D:6      | Learned a level 4 spell: Iskenderun's Mystic Blast
  7414 | D:7      | Noticed a hornet
  7419 | D:7      | Slain by a hornet

Illustrated notes

Levels and vault maps discovered:
D:1:      dpeg_arrival_fog, layout_loops_corners,
          hellmonk_ecumenical_altar_inner_sanctum, minmay_liquid_box
D:2:      layout_basic
D:3:      layout_basic, minmay_strange_pillars, minmay_increasing_density
D:4:      layout_gridville, zin_angel, gammafunk_temple_overflow_pools,
          minmay_temple_entry_enclosed_plants, serial_shops, shop,
          minmay_goblin_outpost
D:5:      layout_basic, mainiacjoe_overflow_concentric_impassable,
          nicolae_ru_path_of_blood, amcnicky_altar_gilded,
          ebering_ghost_rock_garden, minivault_19
D:6:      layout_cave_pools, portal_sewer_entry_a, uniq_eustachio
D:7:      gammafunk_cloud_chamber, layout_loops_ring, hangedman_minor_gate_pass,
          uniq_pikel, uniq_maggie
Temple:   hellmonk_temple_divided_pantheon

Skill      XL: |  1  2  3  4  5  6  7  8 |
---------------+-------------------------+-----
Conjurations   | 5 6 7 8 9 10 | 10.0
Invocations    | 5 6 |  6.8
Spellcasting   | 4 |  4.0
Dodging        | |  2.4
Stealth        | |  2.4

Action                   |  1- 3 |  4- 6 |  7- 9 || total
-------------------------+-------+-------+-------++-------
 Cast: Magic Dart        |    71 |    87 |    55 ||   213
       Searing Ray       |       |    16 |    25 ||    41
       Dazzling Flash    |       |       |     1 ||     1
  Use: Scroll            |       |       |    14 ||    14
Armor: Robe              |       |       |    12 ||    12
Dodge: Dodged            |     7 |     4 |    24 ||    35
